AoeStats
← REDDOTS FINEST1

Arena

508344248Analyzed
2v2 RM · 9d ago on Sep 22, 2026· 47m 26s· 4 players
Game mode
Random Map
Map size
Medium (4 player)
Population
200
Speed
Normal
Resources
Standard
Victory
Conquest
Starting age
Dark Age
Ending age
Imperial Age
RankedLock teamsTeams togetherTeam positionsShared explorationLock speedFull tech treeHidden civsTurbo modeCheats
Victory
Defeat
🇬🇧 Franks · United Kingdom
458
+18
🇬🇧 Huns · United Kingdom
457
+18
🇺🇸 Khmer · United States
515
-18
🇺🇸 Japanese · United States
497
-18
kevlarpukks
12:41 Feudal Age
13:56 Gold Mining
18:38 Castle Age
17:39 Stone Mining
20:58 Double-Bit Axe
21:55 Gold Shaft Mining
21:47 Husbandry
23:24 Forging
23:36 Loom
24:27 Wheelbarrow
23:41 Town Watch
25:01 Scale Barding Armor
30:37 Iron Casting
30:23 Chain Barding Armor
30:58 Light Cavalry
33:10 Hand Cart
33:14 Fletching
34:28 Bodkin Arrow
35:58 Town Patrol
45:21 Pikeman
46:03 Squires
48:42 Imperial Age
47:08 #83
46:53 Scale Mail Armor
Lieutenant Columbo
9:25 Loom
11:40 Feudal Age
23:40 Castle Age
33:12 Wheelbarrow
35:10 Bloodlines
36:20 Double-Bit Axe
46:04 Pikeman
46:46 Squires
46:07 Man-at-Arms
46:33 Arson
REDDOTS FINEST1
0:27 Loom
16:53 Feudal Age
21:54 Castle Age
20:25 Horse Collar
22:18 Arson
27:47 Double-Bit Axe
29:16 Tusk Swords
33:45 Imperial Age
32:38 Wheelbarrow
32:32 Ballistics
32:23 Masonry
32:24 Fortified Wall
32:30 Heavy Plow
35:57 Chemistry
35:03 Siege Engineers
35:16 Caravan
36:23 Bow Saw
39:33 Conscription
38:34 Elite Ballista Elephant
39:53 Bloodlines
39:05 Light Cavalry
40:03 Scale Barding Armor
40:02 Scale Mail Armor
42:09 Gold Mining
42:10 Stone Mining
42:14 Fletching
ZigZag Doobski
0:36 Loom
13:47 Feudal Age
15:23 Wheelbarrow
14:30 Horse Collar
14:43 Gold Mining
14:41 Double-Bit Axe
21:03 Castle Age
19:37 Man-at-Arms
21:04 Forging
20:58 Arson
22:29 Hand Cart
22:25 Stone Mining
23:09 Heavy Plow
23:49 Scale Mail Armor
23:47 Long Swordsman
25:13 Chain Mail Armor
26:00 Pikeman
27:25 Yasama
31:48 Squires
32:31 Iron Casting
32:10 Masonry
39:11 Imperial Age
39:34 Gold Shaft Mining
39:43 Caravan
40:08 Capped Ram
42:30 Blast Furnace
44:22 Hoardings
Connection lost

Rejoining the realm…

Still unreachable

The connection could not be restored.

Session expired

The server has moved on; the page needs a fresh start.